AoeStats
← mr_nvm

Arena

509448917Analyzed
2v2 RM · 6d ago on Sep 26, 2026· 39m 39s· 4 players
Game mode
Random Map
Map size
Medium (4 player)
Population
200
Speed
Normal
Resources
Standard
Victory
Conquest
Starting age
Dark Age
Ending age
Imperial Age
RankedLock teamsTeams togetherTeam positionsShared explorationLock speedFull tech treeHidden civsTurbo modeCheats
Victory
Defeat
🇹🇷 Turks · Türkiye
1497
+14
🇦🇷 Khmer · Argentina
1370
+19
🇩🇪 Khmer · Germany
1457
-17
🇩🇪 Varangians · Germany
1433
-16
mr_nvm
10:42 Feudal Age
14:21 Castle Age
17:16 Scale Barding Armor
17:25 Forging
17:09 Gold Mining
18:34 Double-Bit Axe
18:51 Loom
22:04 Horse Collar
26:03 Iron Casting
27:39 Scale Barding Armor
30:44 Town Watch
34:07 Chain Barding Armor
36:28 Wheelbarrow
39:29 Imperial Age
38:22 Heavy Plow
38:32 Bow Saw
van jonsenheim
8:41 Feudal Age
12:00 Castle Age
11:37 Horse Collar
18:28 Double-Bit Axe
20:14 Wheelbarrow
20:02 Town Watch
20:58 Bow Saw
20:58 Heavy Plow
22:20 Hand Cart
22:54 Husbandry
23:13 Gold Mining
24:35 Fortified Wall
24:48 Light Cavalry
25:38 Bloodlines
25:53 Scale Barding Armor
27:18 Chain Barding Armor
29:21 Forging
32:56 Imperial Age
31:22 Iron Casting
33:00 Hussar
34:50 Blast Furnace
35:46 Plate Barding Armor
36:14 Conscription
35:25 Cavalier
NahuXeneize
10:56 Feudal Age
11:28 Double-Bit Axe
11:25 Horse Collar
13:54 Loom
16:48 Castle Age
14:59 Gold Mining
18:01 Bow Saw
20:55 Bloodlines
20:57 Light Cavalry
22:52 Wheelbarrow
22:48 Heavy Plow
23:41 Town Watch
24:36 Husbandry
27:08 Scale Barding Armor
27:13 Forging
27:58 Hand Cart
34:10 Imperial Age
32:34 Chain Barding Armor
33:27 Iron Casting
35:18 Conscription
34:19 Hussar
35:35 Plate Barding Armor
34:42 Cavalier
37:17 Blast Furnace
36:30 Masonry
37:23 Chemistry
Anatoly
11:51 Feudal Age
15:56 Castle Age
14:54 Double-Bit Axe
21:06 Imperial Age
19:04 Gold Mining
19:57 Horse Collar
22:00 Padded Archer Armor
22:51 Loom
23:46 Gold Shaft Mining
28:44 Leather Archer Armor
32:08 Ballistics
35:26 Wheelbarrow
Connection lost

Rejoining the realm…

Still unreachable

The connection could not be restored.

Session expired

The server has moved on; the page needs a fresh start.